AoeStats
← Wicked Lui

Arena

508941082Analyzed
4v4 RM · 8d ago on Sep 24, 2026· 49m 36s· 8 players
Game mode
Random Map
Map size
Large (8 player)
Population
200
Speed
Normal
Resources
Standard
Victory
Conquest
Starting age
Dark Age
Ending age
Imperial Age
RankedLock teamsTeams togetherTeam positionsShared explorationLock speedFull tech treeHidden civsTurbo modeCheats
Victory
Defeat
🇹🇷 Varangians · Türkiye
1538
+10
🇹🇷 Koreans · Türkiye
1419
+15
🇹🇷 Danes · Türkiye
1403
+16
🇹🇷 Italians · Türkiye
1273
+21
🇲🇽 Mongols · Mexico
1432
-17
🇨🇦 Sicilians · Canada
1401
-16
🇺🇸 Khmer · United States
1378
-15
🇹🇷 Mongols · Türkiye
1372
-14
Corsica
11:02 Feudal Age
11:05 Feudal Age
12:16 Horse Collar
12:38 Double-Bit Axe
15:09 Castle Age
16:04 Bow Saw
15:55 Heavy Plow
19:04 Loom
20:16 Wheelbarrow
22:29 Town Watch
23:40 Scale Mail Armor
23:55 Stone Mining
23:56 Gold Mining
25:17 Hand Cart
25:20 Caravan
29:41 Imperial Age
28:10 Gold Shaft Mining
28:12 Stone Shaft Mining
27:29 Gambesons
27:44 Squires
28:12 Forging
28:29 Chain Mail Armor
29:41 Iron Casting
30:55 Plate Mail Armor
30:16 Fletching
30:50 Conscription
29:59 Elite Serjeant
31:25 Hoardings
31:31 Crop Rotation
32:38 Siege Engineers
33:53 Blast Furnace
34:05 Chemistry
33:27 Ballistics
33:44 Arson
33:45 Heavy Scorpion
37:28 First Crusade
38:54 Bodkin Arrow
41:35 Man-at-Arms
42:24 Scale Barding Armor
42:54 Hauberk
42:52 Bracer
42:29 Cavalier
43:20 Bloodlines
43:10 Husbandry
42:38 Light Cavalry
43:39 Chain Barding Armor
43:23 Bracer
44:05 Capped Ram
45:10 Siege Ram
48:53 Plate Barding Armor
47:55 Man-at-Arms
48:25 Long Swordsman
EL MAYA
10:19 Feudal Age
14:17 Castle Age
12:13 Double-Bit Axe
13:02 Horse Collar
15:26 Bow Saw
21:11 Wheelbarrow
20:46 Heavy Plow
23:56 Hand Cart
25:24 Gold Mining
25:51 Stone Mining
29:19 Imperial Age
27:46 Ballistics
28:13 Fletching
29:19 Stone Shaft Mining
29:24 Bloodlines
29:14 Husbandry
29:28 Thumb Ring
30:09 Gold Shaft Mining
29:51 Bodkin Arrow
29:57 Padded Archer Armor
30:32 Bracer
31:36 Chemistry
30:34 Elite Mangudai
32:22 Padded Archer Armor
33:47 Leather Archer Armor
40:39 Conscription
40:44 Scale Barding Armor
41:40 Conscription
40:44 Light Cavalry
42:09 Chain Barding Armor
42:00 Forging
42:47 Forging
42:04 Hussar
44:44 Iron Casting
46:36 Conscription
45:51 Hussar
47:35 Blast Furnace
47:31 Conscription
Hamstring Cramp
12:03 Feudal Age
15:14 Castle Age
13:17 Horse Collar
14:22 Double-Bit Axe
15:59 Forging
15:49 Scale Mail Armor
15:45 Pikeman
20:16 Redemption
23:37 Fletching
23:47 Padded Archer Armor
24:14 Elite Skirmisher
25:11 Bodkin Arrow
26:28 Leather Archer Armor
27:03 Ballistics
28:25 Loom
29:16 Wheelbarrow
28:26 Town Watch
35:26 Imperial Age
34:42 Fortified Wall
34:57 Bow Saw
37:15 Heavy Scorpion
39:20 Iron Casting
38:50 Scale Barding Armor
40:23 Chemistry
41:04 Blast Furnace
39:28 Light Cavalry
41:05 Double Crossbow
41:31 Bloodlines
41:44 Husbandry
42:16 Chain Barding Armor
41:56 Hussar
45:12 Plate Barding Armor
45:50 Conscription
48:34 Bracer
KhanShinnok
10:58 Feudal Age
12:10 Loom
14:52 Castle Age
13:07 Double-Bit Axe
16:35 Fletching
16:30 Horse Collar
17:35 Heavy Plow
22:05 Padded Archer Armor
26:37 Bow Saw
28:47 Bodkin Arrow
36:21 Wheelbarrow
35:43 Elite Skirmisher
36:53 Ballistics
36:44 Masonry
Wicked Lui
10:26 Feudal Age
9:02 Loom
14:02 Castle Age
13:45 Double-Bit Axe
15:21 Bow Saw
20:45 Horse Collar
24:23 Wheelbarrow
24:14 Gold Mining
25:40 Fletching
30:39 Imperial Age
30:35 Hand Cart
32:56 Ballistics
33:36 Chemistry
34:07 Bodkin Arrow
34:13 Padded Archer Armor
34:28 Light Cavalry
35:19 Bloodlines
35:09 Husbandry
36:20 Hussar
37:09 Loom
38:01 Scale Barding Armor
38:07 Forging
43:36 Chain Barding Armor
45:49 Bracer
46:25 Plate Barding Armor
BarBaroS
10:44 Feudal Age
14:31 Castle Age
12:31 Double-Bit Axe
12:39 Horse Collar
17:45 Loom
19:18 Bow Saw
22:08 Wheelbarrow
22:29 Heavy Plow
24:58 Hand Cart
25:22 Gold Mining
25:25 Stone Mining
28:41 Imperial Age
26:13 Fletching
26:24 Padded Archer Armor
26:59 Bodkin Arrow
27:59 Thumb Ring
28:03 Town Watch
29:28 Leather Archer Armor
30:49 Chemistry
30:09 Ballistics
29:13 Cranequins
30:35 Heavy Mounted Crossbowman
31:46 Bracer
33:53 Ring Archer Armor
35:18 Conscription
36:26 Elite Skirmisher
39:36 Gold Shaft Mining
40:53 Northmen's Fury
40:56 Elite Jomsviking
41:50 Scale Mail Armor
42:00 Forging
43:25 Chain Mail Armor
44:12 Iron Casting
43:10 Hamask
45:26 Plate Mail Armor
48:44 Coinage
49:44 Blast Furnace
koteshii
10:14 Feudal Age
14:26 Castle Age
12:16 Horse Collar
12:57 Double-Bit Axe
14:56 Wheelbarrow
15:57 Bow Saw
20:45 Heavy Plow
22:09 Hand Cart
23:23 Gold Mining
25:27 Scale Mail Armor
26:03 Forging
26:25 Chain Mail Armor
29:56 Imperial Age
28:36 Iron Casting
27:55 Loom
27:56 Town Watch
29:12 Squires
28:57 Gambesons
28:58 Arson
31:07 Plate Mail Armor
29:58 Gothikon
30:59 Conscription
30:51 Elite Varangian Guard
32:56 Coinage
34:24 Chemistry
34:42 Banking
33:34 Man-at-Arms
34:30 Siege Engineers
35:41 Blast Furnace
34:48 Long Swordsman
37:34 Conscription
Alarmaaa5374
10:33 Feudal Age
14:58 Castle Age
13:02 Double-Bit Axe
13:34 Loom
16:12 Horse Collar
17:49 Bow Saw
26:22 Imperial Age
24:01 Fletching
24:34 Gold Mining
24:49 Stone Mining
24:57 Bodkin Arrow
26:59 Wheelbarrow
28:47 Ballistics
31:10 Chemistry
31:21 Conscription
32:49 Bracer
33:52 Eupseong
35:02 Arrowslits
34:59 Treadmill Crane
34:58 Elite Skirmisher
37:19 Town Watch
37:59 Thumb Ring
38:12 Murder Holes
39:57 Capped Ram
42:30 Hand Cart
44:22 Scale Mail Armor
45:04 Elite Fire Lancer
45:44 Squires
46:02 Chain Mail Armor
46:59 Two-Man Saw
47:35 Plate Mail Armor
48:08 Forging
48:05 Arson
48:45 Heavy Plow
49:20 Gold Shaft Mining
49:21 Stone Shaft Mining
50:51 Iron Casting
Connection lost

Rejoining the realm…

Still unreachable

The connection could not be restored.

Session expired

The server has moved on; the page needs a fresh start.